 Dungeon Crawl Stone Soup version 0.28.0-47-ge53b351184 (webtiles) character file.

Game seed: 18056079744553073154

54 MrIGI the Insei (level 4, -8/35 HPs)
             Began as a Human Monk on May 10, 2022.
             Killed from afar by Ijyb (24 damage)
             ... with a bolt of acid
             ... on level 3 of the Dungeon.
             The game lasted 00:05:00 (2556 turns).

MrIGI the Insei (Human Monk)                        Turns: 2556, Time: 00:05:00

Health: -8/35      AC:  3    Str: 12    XL:     4   Next: 12%
Magic:  4/4        EV: 13    Int: 10    God:
Gold:   55         SH:  0    Dex: 17    Spells: 3/3 levels left

rFire   . . .      SeeInvis .     - Unarmed
rCold   . . .      Faith    .   (no shield)
rNeg    . . .      Spirit   .   a - +0 robe
rPois   .          Reflect  .   (no helmet)
rElec   .          Harm     .   (no cloak)
rCorr   .          Rampage  .   (no gloves)
Will    .....                   b - +0 pair of boots
Stlth   ++........              (no amulet)
HPRegen 0.11/turn               (no ring)
MPRegen 0.09/turn               (no ring)

@: no status effects
A: no striking features
a: no special abilities


You were on level 3 of the Dungeon.
You visited 1 branch of the dungeon, and saw 3 of its levels.

You collected 55 gold pieces.

Inventory:

Armour
 a - a +0 robe (worn)
 b - a +0 pair of boots (worn)
Scrolls
 c - 2 scrolls of teleportation {unknown}
 d - a scroll of silence {unknown}
 h - 2 scrolls of identify {unknown}
Potions
 e - a potion of lignification {unknown}
 f - a potion of flight {unknown}
 g - a potion of brilliance {unknown}
 i - a potion of haste {unknown}


   Skills:
 + Level 3.3 Fighting
 + Level 3.3 Dodging
 - Level 2.2 Stealth
 * Level 4.0 Unarmed Combat


You had 3 spell levels left.
You didn't know any spells.
Your spell library contained the following spells:

 Spells                   Type           Power      Damage    Failure   Level
 Animate Skeleton         Necr           0%         N/A       36%         1
 Apportation              Tloc           0%         N/A       36%         1
 Summon Small Mammal      Summ           0%         N/A       36%         1


Dungeon Overview and Level Annotations

Branches:
Dungeon (3/15)

Altars:

Annotations:
D:3 Ijyb


Message History

Ijyb is moderately wounded.
A rat comes into view.
Ijyb hits you but does no damage.
You hit Ijyb.
Ijyb is heavily wounded.
Ijyb hits you with a +0 club.
You barely miss Ijyb.
Ijyb is heavily wounded.
Ijyb hits you with a +0 club.
You hit Ijyb.
Ijyb is heavily wounded.
Ijyb hits you with a +0 club.
You hit Ijyb but do no damage.
Ijyb is heavily wounded.
The rat bites you but does no damage.
Ijyb zaps a wand.
The bolt of acid misses you.
You barely miss Ijyb.
Ijyb is heavily wounded.
The rat bites you. Ijyb closely misses you.
You hit Ijyb.
Ijyb is severely wounded.
The rat bites you.
Ijyb zaps a wand.
The bolt of acid misses you.
You hit Ijyb but do no damage.
Ijyb is severely wounded.
The rat bites you but does no damage. Ijyb misses you.
You hit Ijyb but do no damage.
Ijyb is severely wounded.
The rat closely misses you.
You hit Ijyb but do no damage.
Ijyb is severely wounded.
Ijyb hits you with a +0 club. The rat barely misses you.
You are too injured to fight recklessly!
You are too injured to fight recklessly!
You are too injured to fight recklessly!
You are too injured to fight recklessly!
You barely miss Ijyb.
Ijyb is severely wounded.
Ijyb zaps a wand.
The bolt of acid hits you!!
Ouch! That really hurt!
You die...

#(...........####
#................#
##.......<..........
##...#..........###
#####..........#
##........)..
##........##.
#........# #@##.####
#gr#.# ##.# # .. ...
.... ..... ......


You could see Ijyb and a rat.

Vanquished Creatures
  An adder (D:2)
  2 worms (D:2)
  A dart slug (D:2)
  4 ball pythons
  5 endoplasms
  2 goblins (D:2)
  4 hobgoblins
  4 jackals (D:2)
  5 bats
  3 frilled lizards
  3 kobolds (D:1)
  4 rats
38 creatures vanquished.

Vanquished Creatures (others)
  A giant cockroach (D:2)
1 creature vanquished.

Grand Total: 39 creatures vanquished

Notes
Turn   | Place    | Note
-------+----------+-------------------------------------------
     0 | D:1      | MrIGI the Human Monk began the quest for the Orb.
     0 | D:1      | Reached XP level 1. HP: 18/18 MP: 1/1
   102 | D:1      | Found a faded altar of an unknown god.
   473 | D:1      | Reached XP level 2. HP: 4/24 MP: 2/2
  1265 | D:2      | Reached XP level 3. HP: 15/29 MP: 3/3
  2344 | D:2      | Reached XP level 4. HP: 31/35 MP: 4/4
  2393 | D:2      | Reached skill level 4 in Unarmed Combat
  2538 | D:3      | Noticed Ijyb
  2556 | D:3      | Killed from afar by Ijyb

Illustrated notes

Levels and vault maps discovered:
D:1:      dpeg_arrival_triangle_fractal, layout_basic,
          hellmonk_ecumenical_altar_blasted, chequers_serial_rivers_small_b
D:2:      layout_rooms
D:3:      layout_rooms, general_overflow_altar, uniq_natasha, uniq_ijyb,
          uniq_jessica

Skill      XL: |  1  2  3  4 |
---------------+-------------+-----
Unarmed Combat | 4 |  4.0
Fighting       | |  3.3
Dodging        | |  3.3
Stealth        | |  2.2

Action                   |  1- 3 |  4- 6 || total
-------------------------+-------+-------++-------
Melee: Unarmed           |   152 |    25 ||   177
       Punch             |     4 |       ||     4
 Stab: Sleeping          |     8 |     1 ||     9
Armor: Robe              |    43 |     5 ||    48
Dodge: Dodged            |   130 |    12 ||   142
